 Dungeon Sprint DCSS version 0.30-a0-840-ga523dec638 (webtiles) character file.

Game seed: 3420744658113910577

126 NinjaNoafa the Ducker (level 5, -8/44 HPs)
             Began as a Merfolk Warper on Mar 2, 2023.
             Was a Priest of Uskayaw.
             Mangled by an orc
             ... wielding a +2 morningstar of protection
              (13 damage)
             ... in the Dungeon (Sprint VII: "The Pits").
             The game lasted 00:01:40 (151 turns).

NinjaNoafa the Ducker (Merfolk Warper)               Turns: 151, Time: 00:01:40

Health: -8/44      AC:  3    Str: 11    XL:     5   Next: 10%
Magic:  1/10       EV: 14    Int: 14    God:    Uskayaw [***...]
Gold:   0          SH:  0    Dex: 14    Spells: 7/11 levels left

rFire   . . .      SeeInvis .    a - +2 dagger
rCold   . . .      Faith    .    (no shield)
rNeg    . . .      Spirit   .    b - +0 leather armour
rPois   .          Reflect  .    (no helmet)
rElec   .          Harm     .    (no cloak)
rCorr   .          Rampage  .    (no gloves)
Will    .....      NoTele   +    (no boots)
Stlth   +                        (no amulet)
HPRegen 0.27/turn                (no ring)
MPRegen 0.12/turn                (no ring)

@: on berserk cooldown, slowed, very slow
A: (nimble swimmer 2), mertail
a: Renounce Religion, Stomp, Line Pass


You were in the Dungeon.
You worshipped Uskayaw.
Uskayaw was noncommittal.
You visited 1 branch

Inventory:

Hand Weapons
 a - a +2 dagger (weapon)
Missiles
 d - 7 boomerangs of dispersal (quivered)
Armour
 b - a +0 leather armour (worn)
Scrolls
 c - 2 scrolls of blinking
 k - 5 scrolls of amnesia
 l - a scroll of summoning
 m - 2 scrolls of vulnerability
Potions
 e - a potion of curing
 g - a potion of haste
 h - 4 potions of magic
 i - 2 potions of berserk rage
 j - 2 potions of invisibility


   Skills:
 + Level 5.0 Fighting
 + Level 5.6 Short Blades
 - Level 1.0 Throwing
 - Level 0.6 Armour
 + Level 6.1 Dodging
 + Level 3.6 Spellcasting
 + Level 3.9 Translocations
 + Level 3.7 Invocations


You had 7 spell levels left.
You knew the following spells:

 Your Spells              Type           Power      Damage    Failure   Level
a - Blink                 Tloc           26%        N/A       8%          2
b - Lesser Beckoning      Tloc           26%        N/A       8%          2

Your spell library contained the following spells:

 Spells                   Type           Power      Damage    Failure   Level
 Teleport Other           Tloc           13%        N/A       16%         3
 Vhi's Electric Charge    Tloc/Air       16%        N/A       34%         3
 Manifold Assault         Tloc           13%        N/A       45%         4


Dungeon Overview and Level Annotations

Branches:
Dungeon (1/1)

Altars:
Ashenzari
Cheibriados
Dithmenos
Elyvilon
Fedhas
Gozag
Hepliaklqana
Kikubaaqudgha
Makhleb
Nemelex Xobeh
Okawaru
Qazlal
Ru
Sif Muna
Trog
Uskayaw
Vehumet
Wu Jian
Xom
Yredelemnul
Zin
The Shining One
Jiyva
Lugonu


Innate Abilities, Weirdness & Mutations

((You are very nimble when in or above water. (Stealth+, EV+, Speed+++)))
Your lower body shifts to a powerful aquatic tail in water.


Message History

The orc is severely wounded.
You feel sick. The orc barely misses you.
Aiming: Line Pass
Press: ? - help, Dir - move target The orc appears confused.
The orc priest appears confused.
You feel sick.
You are no longer poisoned.
The orc priest hits you with a +0 flail.
* * * LOW HITPOINT WARNING * * *
You barely miss the orc priest. The orc barely misses you.
You hit the orc.
The orc is moderately wounded.
The orc seems less confused.
The orc priest seems less confused.
The orc hits you with a +0 hand axe.
* * * LOW HITPOINT WARNING * * *
The frilled lizard bites you.
* * * LOW HITPOINT WARNING * * *
You hit the orc priest.
The orc priest is lightly wounded.
The orc priest barely misses you. The orc barely misses you.
The frilled lizard barely misses you.
Uskayaw prepares the audience for your solo!
Okay, then.
The helpless orc priest fails to defend itself.
You puncture the orc priest!
You kill the orc priest!
Uskayaw will force your foes to share their pain.
Your Fighting skill increases to level 5!
Your Dodging skill increases to level 6!
You have reached level 5!
You feel agile.
The helpless orc fails to defend itself.
You impale the orc!!
You kill the orc!
The frilled lizard is no longer paralysed.
The orc is no longer paralysed. x2; The frilled lizard barely misses you.
Aiming: Line Pass
Press: ? - help, Dir - move target The frilled lizard appears confused.
The orc appears confused.
The orc hits you with a +2 morningstar of protection!
You die...

#_________.#
#_________.#
#_______...###########+
##########'##..........
#..(.')))'.##......#..#
##########.##..........
#...........'..........
#+#####'#####......#..#
#..#@.# #..........
#o.o..+ ####'#####+
##l####+# #.......#
#.)......##.......#
#.)......##.......#
#####+#####...<...#
#.......# #.......#
#.......#


You could see 2 orcs and a frilled lizard (confused).

Vanquished Creatures
  A scorpion (D)
  An orc priest (D)
  An orc wizard (D)
  2 ufetubi (D)
  An orc (D)
  A hobgoblin (D)
  2 frilled lizards (D)
9 creatures vanquished.

Notes
Turn   | Place    | Note
-------+----------+-------------------------------------------
     0 | D        | NinjaNoafa the Merfolk Warper began the quest for the Orb.
     0 | D        | Reached XP level 1. HP: 16/16 MP: 3/3
    15 | D        | Reached skill level 3 in Dodging
    45 | D        | Found a bloodstained altar of Trog.
    45 | D        | Found a shimmering blue altar of Sif Muna.
    45 | D        | Found a viscous altar of Jiyva.
    45 | D        | Found a hazy altar of Hepliaklqana.
    45 | D        | Found an opulent altar of Gozag.
    46 | D        | Found a glowing golden altar of the Shining One.
    46 | D        | Found a glowing silver altar of Zin.
    46 | D        | Found a basalt altar of Yredelemnul.
    46 | D        | Found a shimmering altar of Xom.
    46 | D        | Found an ornate altar of the Wu Jian Council.
    46 | D        | Found a sacrificial altar of Ru.
    46 | D        | Found a stormy altar of Qazlal.
    46 | D        | Found an iron altar of Okawaru.
    46 | D        | Found a sparkling altar of Nemelex Xobeh.
    46 | D        | Found a burning altar of Makhleb.
    46 | D        | Found a blossoming altar of Fedhas.
    46 | D        | Found a white marble altar of Elyvilon.
    46 | D        | Found a shadowy altar of Dithmenos.
    46 | D        | Found a snail-covered altar of Cheibriados.
    47 | D        | Found a radiant altar of Vehumet.
    47 | D        | Found a corrupted altar of Lugonu.
    48 | D        | Found a hide-covered altar of Uskayaw.
    48 | D        | Found an ancient bone altar of Kikubaaqudgha.
    48 | D        | Found a broken altar of Ashenzari.
    56 | D        | Became a worshipper of Uskayaw the Reveller
    78 | D        | Reached * piety under Uskayaw
    79 | D        | Reached XP level 2. HP: 19/24 MP: 5/5
   104 | D        | Learned a level 2 spell: Blink
   107 | D        | Learned a level 2 spell: Lesser Beckoning
   117 | D        | Reached skill level 4 in Dodging
   122 | D        | Noticed a scorpion
   129 | D        | Reached ** piety under Uskayaw
   132 | D        | Reached XP level 3. HP: 30/30 MP: 7/7
   133 | D        | Reached *** piety under Uskayaw
   134 | D        | Killed a scorpion
   134 | D        | Reached **** piety under Uskayaw
   135 | D        | Reached skill level 5 in Short Blades
   135 | D        | Reached skill level 5 in Dodging
   135 | D        | Reached XP level 4. HP: 38/38 MP: 9/9
   150 | D        | Reached skill level 5 in Fighting
   150 | D        | Reached skill level 6 in Dodging
   150 | D        | Reached XP level 5. HP: 4/44 MP: 5/10
   151 | D        | Mangled by an orc

Illustrated notes

Levels and vault maps discovered:
D:        pitsprint [storerooms_1, entrance_room_1, metal_vault_1, armoury_1,
          mini_pit_1, grid_room_1, main_hall_1, silver_pit, the_coven_3,
          the_vestibule_1, steel_vault_2, golden_pit, hallway_of_sentries,
          crystal_vault_1, iron_vault_4, final_vault]

Skill      XL: |  1  2  3  4 |
---------------+-------------+-----
Fighting       | 3 4 5 |  5.0
Short Blades   | 3 4 5 |  5.6
Dodging        | 3 4 5 6 |  6.1
Translocations | 3 |  3.9
Invocations    | 2 3 |  3.7
Spellcasting   | 3 |  3.6
Throwing       | |  1.0
Armour         | |  0.6

Action                     |  1- 3 |  4- 6 || total
---------------------------+-------+-------++-------
  Melee: Short sword       |     6 |       ||     6
         Dagger            |    21 |    10 ||    31
 Invoke: Line Pass         |       |     2 ||     2
    Use: Potion            |     2 |       ||     2
   Stab: Paralysed         |     1 |     2 ||     3
 Armour: Leather armour    |     7 |       ||     7
  Dodge: Dodged            |    21 |     8 ||    29

Table legend: (Time is in decaauts)
 A = Elapsed time spent in this place.
 B = Non-inter-level travel time spent in this place.
 C = Inter-level travel time spent in this place.
 D = Time resting spent in this place.
 E = Time spent auto-exploring this place.
 F = Levels seen in this place.
 G = Mean time per level.
                   A        B        C        D        E       F      G
               +--------+--------+--------+--------+--------+-----+--------+
         Total |    141 |    126 |     15 |     24 |      0 |   1 |  141.0 |
       Dungeon |    141 |    126 |     15 |     24 |      0 |   1 |  141.0 |
               +--------+--------+--------+--------+--------+-----+--------+

Top non-repeatable levels by time:
       D: 141 daAuts
